 Dungeon Crawl Stone Soup version 0.29-a0-870-g2c972031a6 (webtiles) character file.

Game seed: 16640262554037132714

10507 kevlar127 the Grappler (level 11, 0/117 HPs)
             Began as a Troll Berserker on July 16, 2022.
             Was a High Priest of Trog.
             Slain by an orc
             ... wielding a +0 trident
              (3 damage)
             ... on level 9 of the Dungeon on July 17, 2022.
             The game lasted 00:32:48 (9882 turns).

kevlar127 the Grappler (Troll Berserker)            Turns: 9882, Time: 00:32:50

Health: 0/117      AC: 15    Str: 31    XL:     11   Next: 37%
Magic:  10/10      EV:  9    Int:  3    God:    Trog [*****.]
Gold:   494        SH:  0    Dex: 15    Spells: 10/10 levels left

rFire   . . .      SeeInvis +     - Unarmed
rCold   . . .      Faith    .   (no shield)
rNeg    + . .      Spirit   .   q - +0 pearl dragon scales
rPois   .          Reflect  .   K - +2 hat
rElec   .          Harm     .   u - +0 cloak {Will+}
rCorr   .          Rampage  .   (gloves unavailable)
Will    +++..                   (boots unavailable)
Stlth   ..........              (no amulet)
HPRegen 2.09/turn               k - ring of see invisible
MPRegen 0.12/turn               E - +6 ring of dexterity

@: strong-willed, regenerating
A: large, unfitting armour, claws 3, regeneration 1, shaggy fur 1, tough skin 1
a: Renounce Religion, Berserk, Trog's Hand, Brothers in Arms


You were on level 9 of the Dungeon.
You worshipped Trog.
Trog was extremely pleased with you.
You visited 1 branch of the dungeon, and saw 9 of its levels.

You collected 494 gold pieces.

Inventory:

Missiles
 a - a silver boomerang
 d - 92 stones
 w - a large rock
 B - 17 poisoned darts
 D - 6 curare-tipped darts
 I - 2 boomerangs (quivered)
Armour
 q - +0 pearl dragon scales (worn)
 u - a +0 cloak of willpower (worn)
 K - a +2 hat (worn)
Jewellery
 j - an amulet of the acrobat
 k - a ring of see invisible (left claw)
 r - a ring of fire
 y - a +6 ring of intelligence
 E - a +6 ring of dexterity (right claw)
 F - a ring of fire
Wands
 o - a wand of flame (58)
 t - a wand of digging (8)
 J - a wand of polymorph (18)
Scrolls
 c - 3 scrolls of teleportation
 e - 2 scrolls of fog
 g - 2 scrolls of immolation {unknown}
 h - 2 scrolls of fear {unknown}
 i - 2 scrolls of torment {unknown}
 v - 2 scrolls of poison {unknown}
 A - a scroll of vulnerability {unknown}
 C - a scroll of noise {unknown}
 G - a scroll of enchant weapon {unknown}
 L - a scroll of brand weapon {unknown}
Potions
 b - 5 potions of curing
 f - 4 potions of degeneration
 l - 2 potions of might
 m - a potion of lignification {unknown}
 n - a potion of resistance {unknown}
 p - 3 potions of mutation
 s - a potion of attraction {unknown}
 x - a potion of cancellation
 z - 2 potions of brilliance
 H - a potion of haste
 M - a potion of magic {unknown}


   Skills:
 + Level 9.7 Fighting
 - Level 7.0 Throwing
 - Level 3.0 Dodging
 + Level 11.4 Unarmed Combat
 + Level 3.2 Evocations


You had 10 spell levels left.
You didn't know any spells.
Your spell library was empty.

Dungeon Overview and Level Annotations

Branches:
Dungeon (9/15)             Temple (0/1) D:7            Lair (0/6) D:8
    Orc (0/2) D:9

Altars:
Cheibriados
Dithmenos
Kikubaaqudgha
Makhleb
Okawaru
Qazlal
Sif Muna
Uskayaw
Xom
Zin

Shops:
D:3 (   D:6 =


Innate Abilities, Weirdness & Mutations

You are too large for most types of armour.
You have claws for hands.
Your natural rate of healing is unusually fast.
You are covered in fur. (AC +1)
You have tough skin. (AC +1)


Message History

* * * LOW HITPOINT WARNING * * *
The orc warrior barely misses you. The bullfrog completely misses you.
You rip the net and break free!
The bullfrog hits you but does no damage.
The orc warrior barely misses you. The orc hits you with a +0 mace.
* * * LOW HITPOINT WARNING * * *
The gnoll hits you but does no damage.
The gnoll sergeant hits you but does no damage.
The bullfrog hits you but does no damage.
Okay, then.
Search for what [Enter for "armor", or ? for help]? heal Can't find anything matching that.
It was a potion of cancellation.
You feel strangely stable.
Your magical effects are unravelling.
You feel magically purged.
You feel a little less clever now. The orc hits you with a +0 mace.
* * * LOW HITPOINT WARNING * * *
The gnoll hits you from afar with a +0 halberd.
* * * LOW HITPOINT WARNING * * *
The gnoll sergeant barely misses you. The orc warrior barely misses you.
The bullfrog hits you.
* * * LOW HITPOINT WARNING * * *
As you read the scroll of fog, it crumbles to dust.
The scroll dissolves into smoke.
The bullfrog barely misses you.
The orc warrior hits you from afar with a +0 glaive.
* * * LOW HITPOINT WARNING * * *
The orc barely misses you. The gnoll closely misses you.
The gnoll sergeant hits you from afar with a +0 spear.
* * * LOW HITPOINT WARNING * * *
The bullfrog hits you but does no damage.
Your skin crawls.
You feel strong-willed. The orc hits you but does no damage.
The orc hits you with a +0 mace.
* * * LOW HITPOINT WARNING * * *
The gnoll closely misses you.
The gnoll sergeant hits you but does no damage.
The orc hits you from afar with a +0 trident.
You die...

## ########### .
............
########.#............
.....................#
........#............#
.....§§§#............#
...#.#o§#............# #
..[...oo@##...........# #
....#.#F§##...........# #
.....Tgog##.).)....#..# #
F>...o.oo###.......#..###
........o# #.......#..##.
.........# ##......#...†.
.........####......#..#.#
.........................
.........####...####..#.#


You could see a troll, an orc warrior, a gnoll sergeant, a bullfrog, a gnoll and
3 orcs.

Vanquished Creatures
  Gastronok (D:8)
  A centaur warrior (D:9)
  An ugly thing (D:9)
  Maurice (D:8)
  Joseph (D:7)
  A gargoyle (D:9)
  A hornet (D:8)
  Grinder (D:3)
  Sigmund (D:6)
  A wraith (D:9)
  10 yaks (D:8)
  A basilisk (D:9)
  2 steam dragons (D:7)
  5 water moccasins
  Duvessa (D:5)
  3 ice beasts
  3 orc warriors
  4 black bears
  A sky beast (D:7)
  3 ogres
  A centaur (D:7)
  2 phantoms
  A kobold brigand (D:7)
  6 bullfrogs
  2 scorpions (D:6)
  18 wights
  Dowan (D:5)
  3 killer bees (D:9)
  2 howler monkeys
  3 jellies
  A gnoll bouda (D:4)
  2 hounds (D:5)
  Crazy Yiuf (D:3)
  7 orc priests
  2 iguanas (D:5)
  Ijyb (D:2)
  Terence (D:2)
  Natasha (thrice) (D:3)
  7 orc wizards
  Robin (D:2)
  11 adders
  15 gnolls
  2 white imps
  A worm (D:3)
  5 dart slugs
  37 orcs
  9 ball pythons
  5 endoplasms
  5 giant cockroaches
  19 goblins
  8 hobgoblins
  7 jackals
  4 quokkas
  6 bats
  2 frilled lizards (D:2)
  9 kobolds
  4 rats
257 creatures vanquished.

Vanquished Creatures (others)
  51 fungi (D:8)
  45 plants
96 creatures vanquished.

Grand Total: 353 creatures vanquished

Notes
Turn   | Place    | Note
-------+----------+-------------------------------------------
     0 | D:1      | kevlar127 the Troll Berserker began the quest for the Orb.
     0 | D:1      | Reached XP level 1. HP: 22/22 MP: 0/0
   238 | D:1      | Found a faded altar of an unknown god.
   639 | D:2      | Noticed Terence
   643 | D:2      | Reached XP level 2. HP: 29/29 MP: 1/1
   648 | D:2      | Killed Terence
   649 | D:2      | Reached XP level 3. HP: 37/37 MP: 2/2
   701 | D:2      | Identified the +5 mace of Vuchenk {freeze, rF- Dex+3
                  | Stlth+}
   754 | D:2      | Noticed Robin
   771 | D:2      | Killed Robin
   772 | D:2      | Reached skill level 4 in Unarmed Combat
   787 | D:2      | Reached ** piety under Trog
   859 | D:2      | Reached XP level 4. HP: 45/45 MP: 3/3
   909 | D:2      | Upgraded the game from 0.29-a0-857-g9b1aa3ac5b to
                  | 0.29-a0-870-g2c972031a6
  1469 | D:3      | Noticed Grinder
  1469 | D:3      | Noticed Ijyb
  1470 | D:3      | Paralysed by Grinder for 2 turns
  1484 | D:2      | HP: 2/48 [Ijyb/puff of flame (7)]
  1493 | D:2      | HP: 3/72 [Ijyb/+0 dagger (2)]
  1495 | D:2      | Killed Ijyb
  1496 | D:2      | Reached XP level 5. HP: 5/54 MP: 4/4
  1762 | D:3      | Killed Grinder
  1763 | D:3      | Reached skill level 5 in Unarmed Combat
  1763 | D:3      | Reached XP level 6. HP: 9/63 MP: 5/5
  2045 | D:3      | Found Ceiklistro's Weapon Shoppe.
  2119 | D:3      | Found a runed translucent door.
  2120 | D:3      | Noticed Crazy Yiuf
  2297 | D:3      | Noticed Natasha
  2310 | D:3      | Killed Natasha
  2517 | D:3      | Noticed Natasha
  2525 | D:3      | Killed Natasha
  2538 | D:3      | Noticed Natasha
  2555 | D:3      | Killed Natasha
  2655 | D:3      | Killed Crazy Yiuf
  2656 | D:3      | Reached skill level 5 in Fighting
  2656 | D:3      | Reached skill level 6 in Unarmed Combat
  2656 | D:3      | Reached XP level 7. HP: 72/72 MP: 6/6
  2796 | D:3      | Identified the +5 hammer of Qesev {antimagic, rF++ Stlth+}
  2909 | D:4      | Reached *** piety under Trog
  3165 | D:4      | Reached skill level 7 in Unarmed Combat
  3713 | D:4      | Identified the +10 dagger "Junoish" {freeze, Dex+6}
  4299 | D:5      | Entered Level 5 of the Dungeon
  4316 | D:5      | Reached XP level 8. HP: 47/83 MP: 7/7
  4372 | D:5      | Found a stormy altar of Qazlal.
  4418 | D:5      | Reached skill level 1 in Throwing
  4670 | D:5      | Noticed Dowan
  4683 | D:5      | Killed Dowan
  4683 | D:5      | Noticed Duvessa
  4690 | D:5      | Killed Duvessa
  4931 | D:5      | Found a burning altar of Makhleb.
  4934 | D:5      | Reached **** piety under Trog
  5247 | D:5      | Found an ancient bone altar of Kikubaaqudgha.
  5247 | D:5      | Found a glowing silver altar of Zin.
  5316 | D:5      | Reached skill level 8 in Unarmed Combat
  5967 | D:6      | Reached XP level 9. HP: 90/92 MP: 8/8
  6124 | D:6      | Found Cetseklilebb's Jewellery Shop.
  6313 | D:6      | Noticed Sigmund
  6324 | D:6      | Killed Sigmund
  6581 | D:7      | Reached skill level 9 in Unarmed Combat
  6584 | D:7      | Noticed Joseph
  6589 | D:7      | Reached skill level 5 in Throwing
  6599 | D:7      | Killed Joseph
  6999 | D:7      | Found a hide-covered altar of Uskayaw.
  7295 | D:7      | Found a snail-covered altar of Cheibriados.
  7338 | D:7      | Reached XP level 10. HP: 104/104 MP: 9/9
  7520 | D:7      | Found a shadowy altar of Dithmenos.
  7731 | D:7      | Found a staircase to the Ecumenical Temple.
  8037 | D:8      | Reached ***** piety under Trog
  8084 | D:8      | Found a shimmering blue altar of Sif Muna.
  8130 | D:8      | Reached skill level 10 in Unarmed Combat
  8137 | D:8      | Noticed Maurice
  8153 | D:8      | Killed Maurice
  8155 | D:8      | Found a staircase to the Lair.
  8260 | D:8      | Found an iron altar of Okawaru.
  8262 | D:8      | Received a gift from Trog
  8334 | D:8      | Reached skill level 1 in Evocations
  8618 | D:8      | Paralysed by a hornet for 2 turns
  9102 | D:8      | Noticed Gastronok
  9123 | D:8      | Killed Gastronok
  9124 | D:8      | Reached skill level 11 in Unarmed Combat
  9124 | D:8      | Reached XP level 11. HP: 115/115 MP: 10/10
  9503 | D:9      | Found a shimmering altar of Xom.
  9546 | D:9      | Noticed a centaur warrior
  9558 | D:9      | Killed a centaur warrior
  9578 | D:9      | Noticed a cyan ugly thing
  9582 | D:9      | Killed a cyan ugly thing
  9810 | D:9      | Found a staircase to the Orcish Mines.
  9881 | D:9      | HP: 3/117 [gnoll sergeant/+0 spear (6)]
  9882 | D:9      | Slain by an orc

Illustrated notes

Levels and vault maps discovered:
D:1:      lemuel_arrival_behind_the_door_small, layout_basic,
          hellmonk_ecumenical_altar_pennies_from_heaven, corexii_corridor_pit,
          serial_bayou_pond_d, nicolae_kite_square_tiling_tiny
D:2:      minmay_diamond_boxcup, layout_loops_ring, uniq_robin, uniq_terence
D:3:      layout_rooms, serial_shops, nicolae_diamond_shop, uniq_natasha,
          uniq_crazy_yiuf_cottage, uniq_grinder, uniq_ijyb
D:4:      layout_loops_ring, serial_bayou_pond_b
D:5:      layout_layer_cave, grunt_qazlal_sundering,
          gammafunk_temple_overflow_elements, makhleb_heckhound_becter,
          gup_sewer_entry_bubbles, guppyfry_early_orc_mine, uniq_duvessa
D:6:      layout_rooms, serial_shops, nicolae_shop_statue_plus, uniq_sigmund
D:7:      layout_loops_ring, general_overflow_altar, nicolae_uskayaw_dance_hall,
          cheibriados_altar_1, minmay_temple_entry_fiery, uniq_joseph
D:8:      layout_basic, kennysheep_okawaru_gauntlet,
          nicolae_overflow_crystal_walls, due_lair_maze_entry_diamond,
          uniq_gastronok, uniq_maurice
D:9:      layout_basic, xom_teletrap_fun, hiddenorc2_lemuel, serial_shops,
          nicolae_shop_bloodbath_and_beyond, serial_glass, glass_columns_b,
          glass_columns_a, minivault_19, minmay_diamond_spiral

Skill      XL: |  1  2  3  4  5  6  7  8  9 10 11 |
---------------+----------------------------------+-----
Fighting       | 3 4 5 6 8 9 |  9.7
Unarmed Combat | 4 5 6 7 8 9 11 | 11.4
Throwing       | 3 5 7 |  7.0
Dodging        | 3 |  3.0
Evocations     | 2 3 |  3.2

Action                   |  1- 3 |  4- 6 |  7- 9 | 10-12 || total
-------------------------+-------+-------+-------+-------++-------
Melee: Unarmed           |    53 |   153 |   311 |   218 ||   735
       Punch             |       |     3 |    11 |    13 ||    27
Throw: Stone             |       |       |     5 |    15 ||    20
       Dart              |       |       |       |     7 ||     7
       Boomerang         |       |       |       |    17 ||    17
Invok: Berserk           |     1 |     3 |     4 |     2 ||    10
       Trog's Hand       |       |       |       |     3 ||     3
  Use: Scroll            |       |       |       |     8 ||     8
       Potion            |       |       |       |     2 ||     2
Armor: Animal skin       |    22 |    46 |       |       ||    68
       Pearl dragon scal |       |    53 |   161 |   116 ||   330
Dodge: Dodged            |    21 |    83 |    97 |   102 ||   303

Table legend: (Time is in decaauts)
 A = Elapsed time spent in this place.
 B = Non-inter-level travel time spent in this place.
 C = Inter-level travel time spent in this place.
 D = Time resting spent in this place.
 E = Time spent auto-exploring this place.
 F = Levels seen in this place.
 G = Mean time per level.
                   A        B        C        D        E       F      G
               +--------+--------+--------+--------+--------+-----+--------+
         Total |   9940 |   9399 |    541 |   2473 |   5447 |   9 | 1104.4 |
       Dungeon |   9940 |   9399 |    541 |   2473 |   5447 |   9 | 1104.4 |
               +--------+--------+--------+--------+--------+-----+--------+

Top non-repeatable levels by time:
     D:5: 1626 daAuts
     D:8: 1618 daAuts
     D:4: 1448 daAuts
     D:7: 1272 daAuts
     D:3: 1142 daAuts
     D:2: 1135 daAuts
     D:6: 687 daAuts
     D:1: 625 daAuts
     D:9: 384 daAuts
